 Dungeon Crawl Stone Soup version 0.21-a0-221-gfe971b9 (webtiles) character file.

43 Gorglomux the Skirmisher (level 3, 0/33 HPs)
             Began as a Hill Orc Earth Elementalist on Aug 24, 2017.
             Slain by a hobgoblin (3 damage)
             ... on level 2 of the Dungeon.
             The game lasted 00:02:48 (1687 turns).

Gorglomux the Skirmisher (HOEE)                     Turns: 1687, Time: 00:02:48

Health: 0/33       AC:  2    Str: 11    XL:     3   Next: 58%
Magic:  0/5        EV: 12    Int: 15    God:
Gold:   120        SH:  0    Dex: 11    Spells: 4/5 levels left

rFire    . . .     SeeInvis .   m - +0 dagger
rCold    . . .     Gourm    .   (no shield)
rNeg     . . .     Faith    .   c - +0 robe
rPois    .         Spirit   .   (no helmet)
rElec    .         Reflect  .   (no cloak)
rCorr    .         Harm     .   (no gloves)
MR       .....                  (no boots)
Stlth    ++........             (no amulet)
HPRegen  0.11/turn              (no ring)
MPRegen  0.09/turn              (no ring)

@: no status effects
A: no striking features
a: no special abilities


You were on level 2 of the Dungeon.
You were not hungry.

You visited 1 branch of the dungeon, and saw 2 of its levels.

You collected 120 gold pieces.

Inventory:

Hand Weapons
 m - a +0 dagger (weapon)
Missiles
 b - 21 stones (quivered)
Armour
 c - a +0 robe (worn)
Scrolls
 g - 2 scrolls of teleportation {unknown}
 h - a scroll of noise {unknown}
 i - a scroll of remove curse {unknown}
 j - a scroll of enchant weapon {unknown}
 o - a scroll of recharging {unknown}
Potions
 l - a potion of heal wounds
Books
 e - a book of Geomancy

   Spells                             Type                      Level
   a - Sandblast                      Earth                        1
   b - Passwall                       Transmutation/Earth          2
   c - Stone Arrow                    Conjuration/Earth            3
   d - Petrify                        Transmutation/Earth          4
   e - Lee's Rapid Deconstruction     Earth                        5
Comestibles
 d - a bread ration
 n - a chunk of flesh


   Skills:
 + Level 3.7 Fighting
 - Level 1.5 Dodging
 - Level 1.5 Stealth
 - Level 1.5 Spellcasting
   Level 0.6 Transmutations
 - Level 3.0 Earth Magic


You had 4 spell levels left.
You knew the following spells:

 Your Spells              Type           Power        Failure   Level  Hunger
a - Sandblast             Erth           ##....       7%          1    ##.....


Dungeon Overview and Level Annotations

Branches:
Dungeon (2/15)

Altars:


Message History

Unknown command!
You perforate the butt but do no damage!
The hobgoblin is heavily wounded!
The hobgoblin hits you but does no damage!
The hobgoblin drinks a potion!
The hobgoblin is healed!!!
You skewer the hobgoblin but do no damage!
The hobgoblin misses you! The hobgoblin completely misses you!
You butt the hobgoblin but do no damage!
The butt hits you! The hobgoblin hits you!
You spit the hobgoblin butt a pig!
The hobgoblin is lightly wounded!
The hobgoblin hits you! * * * don't die
* * * The hobgoblin misses you!
You perforate the hobgoblin but do no damage!
The hobgoblin is lightly wounded!
The hobgoblin hits you! * * * don't die
* * * The hobgoblin hits you! rip

#########.........##...
###.......####...
.........#########
#...####......## ..###
#.####..# . ...###.#
##.#### #
...#.####)....#
.##..######......#.....#
....(.g@g(.............#
......#####......#.....#
..... #......#######
.... #......# ...
#......# .. ######## #


You could see 2 hobgoblins.

Vanquished Creatures
  An adder (D:2)
  3 dart slugs (D:1)
  A leopard gecko (D:1)
  2 ball pythons
  2 giant cockroaches
  3 jackals (D:2)
  3 bats
  A frilled lizard (D:2)
  6 goblins
  2 kobolds
  3 rats
  A fungus (D:1)
28 creatures vanquished.

Notes
Turn   | Place    | Note
-------+----------+-------------------------------------------
     0 | D:1      | Gorglomux the Hill Orc Earth Elementalist began the quest for the Orb.
     0 | D:1      | Reached XP level 1. HP: 14/14 MP: 3/3
    96 | D:1      | Reached skill level 1 in Fighting
   409 | D:1      | Reached XP level 2. HP: 24/24 MP: 4/4
  1258 | D:2      | Reached skill level 3 in Fighting
  1273 | D:2      | Reached XP level 3. HP: 16/31 MP: 5/5
  1687 | D:2      | Slain by a hobgoblin

Vault maps used:
D:1:      nagdon_arrival_double_spiral, minmay_gold_behind_fungi

Skill      XL: |  1  2 |
---------------+-------+-----
Fighting       | 1 3 |  3.7
Dodging        | |  1.5
Stealth        | |  1.5
Spellcasting   | |  1.5
Transmutations | |  0.6
Earth Magic    | |  3.0

Action                   || total
-------------------------++-------
Melee: Unarmed           ||   100
       Dagger            ||    79
 Cast: Sandblast         ||    23
  Use: Potion            ||     1
  Eat: Chunk             ||     3
Armor: Robe              ||    26
Dodge: Dodged            ||    98

Table legend:
 A = Spawn XP
 B = Non-spawn XP
 C = Spawn XP percentage of total XP
 D = Spawn monster count
 E = Non-spawn monster count
 F = Spawn count percentage of total count
 G = Total turns spent on level
                    A         B        C        D         E        F      G
               +---------+---------+-------+---------+---------+-------+---------
         Total |       4 |      58 |   6.5 |       1 |      26 |   3.7 |  1687
               +---------+---------+-------+---------+---------+-------+---------
           D:1 |       4 |      28 |  12.5 |       1 |      14 |   6.7 |  1249
           D:2 |       0 |      30 |   0.0 |       0 |      12 |   0.0 |   438
               +---------+---------+-------+---------+---------+-------+---------
